 Dungeon Crawl Stone Soup version 0.30.1-9-gdf580d7c3d (webtiles) character file.

Game seed: 10896078173876637141

84330 Xaerxx the Sensei (level 15, -7/123 HPs)
             Began as a Pale Draconian Monk on Oct 19, 2023.
             Was the Champion of Wu Jian.
             Mangled by a bunyip (20 damage)
             ... on level 2 of the Swamp on Oct 24, 2023.
             The game lasted 02:49:43 (29113 turns).

Xaerxx the Sensei (Pale Draconian Monk)            Turns: 29113, Time: 02:49:44

Health: -7/123     AC: 26    Str: 23    XL:     15   Next: 34%
Magic:  24/24      EV: 20    Int: 10    God:    Wu Jian [******]
Gold:   328        SH:  0    Dex: 18    Spells: 5/14 levels left

rFire   . .          .
                       - Unarmed
rCold   . . .        b - orb {light}
rNeg    + . .        (body armour unavailable)
rPois   .            M - +3 hat of Gestures {rElec rN+ Will+ MP+9}
rElec   +            G - +2 cloak
rCorr   .            p - +2 pair of gloves
SInv    .            D - +3 pair of seven-league boots {Rampage+∞}
Will    ++...        (no amulet)
Stlth   +            B - +6 ring of strength
HPRegen 0.40/turn    v - +4 ring of protection
MPRegen 0.19/turn

%: rampage+∞
@: about to teleport, glowing
A: breathe steam, AC +9, unfitting armour, cold-blooded, steam resistance
a: Breathe Steam, Renounce Religion, Wall Jump, Serpent's Lash, Heavenly Storm


You were on level 2 of the Swamp.
You worshipped Wu Jian.
Wu Jian was exalted by your worship.
You visited 6 branches of the dungeon, and saw 24 of its levels.
You also visited: Gauntlet.

You collected 2174 gold pieces.
You spent 1846 gold pieces at shops.

Inventory:

Missiles
 c - 16 poisoned darts (quivered)
 H - 2 throwing nets
 J - 4 curare-tipped darts
Armour
 b - an orb of light (worn)
 n - a +2 pair of boots of stealth
 p - a +2 pair of gloves (worn)
 s - a scarf of invisibility
 D - the +3 pair of seven-league boots (worn) {Rampage+∞}
   (You found it on level 3 of the Lair of Beasts)

   Rampage+∞: When moving toward enemies, its wearer moves as far as possible,
   alerting their target en route.
 G - a +2 cloak (worn)
 M - the +3 hat of Gestures (worn) {rElec rN+ Will+ MP+9}
   (You found it in a Gauntlet)

   rElec:     It insulates you from electricity.
   rN:        It protects you from negative energy.
   MP:        It affects your magic capacity (+9).
   Will:      It increases your willpower.
Magical Staves
 u - the staff of death "Wisep" {rC+ rN+ Str+2 Int-2}
   (You found it on level 1 of the Lair of Beasts)

   [staff of death]

   Base accuracy: +5 Base damage: 5 Base attack delay: 1.2 This weapon's minimum
   attack delay (0.6) is reached at skill level 12.
   Str:       It affects your strength (+2).
   Int:       It affects your intelligence (-2).
   rC:        It protects you from cold.
   rN:        It protects you from negative energy.
   It falls into the 'Staves' category.
   It is a one-handed weapon.
 P - the staff of earth "Yxtohisas" {rN+ Dex+2 Stlth+}
   (You found it in a Gauntlet)

   [staff of earth]

   Base accuracy: +5 Base damage: 5 Base attack delay: 1.2 This weapon's minimum
   attack delay (0.6) is reached at skill level 12.
   Dex:       It affects your dexterity (+2).
   rN:        It protects you from negative energy.
   Stlth:     It makes you more stealthy.
   It falls into the 'Staves' category.
   It is a one-handed weapon.
Jewellery
 l - a ring of ice
 v - a +4 ring of protection (right hand)
 x - a ring of poison resistance
 A - a ring of protection from cold
 B - a +6 ring of strength (left hand)
 L - a ring of magical power
 X - a ring of willpower
Wands
 i - a wand of paralysis (23)
 j - a wand of light (30)
 t - a wand of flame (19)
 y - a wand of roots (11)
 S - a wand of polymorph (10)
 Y - a wand of mindburst (14)
Scrolls
 e - 7 scrolls of magic mapping
 f - 6 scrolls of identify
 k - 2 scrolls of amnesia
 m - 3 scrolls of brand weapon
 z - 2 scrolls of enchant weapon
 C - 4 scrolls of fear
 E - 3 scrolls of butterflies
 F - a scroll of enchant armour
 I - 6 scrolls of teleportation
 Q - 2 scrolls of poison {unknown}
 R - a scroll of silence {unknown}
 U - a scroll of blinking
 W - a scroll of fog {unknown}
Potions
 a - 3 potions of ambrosia
 d - 7 potions of brilliance
 g - 5 potions of curing
 h - 4 potions of might
 o - a potion of lignification
 q - 2 potions of cancellation
 w - 4 potions of flight
 T - a potion of magic
Miscellaneous
 r - a phial of floods
 K - a box of beasts
 N - a condenser vane
 O - a lightning rod (4/4)


   Skills:
 + Level 8.4 Fighting
 + Level 12.1 Dodging
 + Level 23.0 Unarmed Combat


You had 5 spell levels left.
You knew the following spells:

 Your Spells              Type           Power      Damage    Failure   Level
a - Blade Hands           Tmut           0%         N/A       100%        5
b - Momentum Strike       Conj/Tloc      0%         3d8       50%         2
c - Blink                 Tloc           0%         N/A       50%         2

Your spell library contained the following spells:

 Spells                   Type           Power      Damage    Failure   Level
 Lesser Beckoning         Tloc           0%         N/A       50%         2
 Poisonous Vapours        Pois/Air       0%         N/A       50%         2
 Frozen Ramparts          Ice            0%         1d1       75%         3
 Volatile Blastmotes      Fire/Tloc      0%         2d10      75%         3
 Fulminant Prism          Conj/Hex       0%         3d5       98%         4
 Ice Form                 Ice/Tmut       0%         N/A       98%         4
 Iskenderun's Mystic Bla  Conj/Tloc      0%         2d3       98%         4
 Summon Ice Beast         Ice/Summ       0%         N/A       98%         4
 Freezing Cloud           Conj/Ice/Air   0%         6-21      100%        5
 Irradiate                Conj/Tmut      0%         3d11      100%        5
 Lee's Rapid Deconstruct  Erth           0%         3d4*      100%        5
 Summon Forest            Summ/Tloc      0%         N/A       100%        5
 Summon Mana Viper        Hex/Summ       0%         N/A       100%        5
 Statue Form              Tmut/Erth      0%         N/A       100%        6
 Summon Cactus Giant      Summ           0%         N/A       100%        6
 Dragon Form              Tmut           0%         N/A       100%        7
 Storm Form               Tmut/Air       0%         N/A       100%        7


Dungeon Overview and Level Annotations

Branches:
Dungeon (13/15)            Temple (1/1) D:4            Lair (5/5) D:8
  Swamp (2/4) Lair:2       Spider (0/4) Lair:2        Slime (0/5) Lair:5
    Orc (2/2) D:10            Elf (1/3) Orc:2       Gauntlet (visited)
 Vaults: D:13-14

Altars:
Ashenzari
Cheibriados
Dithmenos
Elyvilon
Fedhas
Gozag
Hepliaklqana
Kikubaaqudgha
Makhleb
Nemelex Xobeh
Okawaru
Qazlal
Ru
Sif Muna
Trog
Uskayaw
Vehumet
Wu Jian
Xom
Yredelemnul
Zin
The Shining One

Shops:
D:10 =[?   D:12 !   Orc:1 (=**   Orc:2 *?[=

Portals:
Pandemonium: Orc:2
Trove: D:11 (give +4 storm dragon scales)

Annotations:
D:3 1 runed translucent door, Crazy Yiuf


Innate Abilities, Weirdness & Mutations

You can breathe blasts of scalding, opaque steam.
Your pale cyan-grey scales are hard. (AC +9)
You cannot fit into any form of body armour.
You are cold-blooded and may be slowed by cold attacks.
You are immune to the effects of steam.


Message History

The bunyip claws you but does no damage. x2
You hit the bunyip but do no damage.
The bunyip is moderately wounded.
Found a book of the Spheres.
A swamp dragon comes into view.
The swamp dragon roars deafeningly!
The bunyip gives a hideous shriek!
The swamp dragon breathes poison at you.
The blast of poison misses you.
You feel better.
You are engulfed in poison gas.
You are poisoned.
You feel very sick. The bunyip completely misses you. The bunyip misses you.
The bunyip claws you but does no damage.
You enter the shallow water.
Moving in this stuff is going to be slow.
You spin and attack the bunyip repeatedly.
Your unstable footing causes you to fumble your attack. x2
You are engulfed in poison gas.
You are more poisoned.
You feel very sick.
The bunyip claws you but does no damage.
The bunyip misses you. The bunyip closely misses you.
You spin and attack the bunyip.
You hit the bunyip.
The bunyip is lightly wounded.
You feel extremely sick.
You feel very sick. The bunyip attacks as you move away!
The bunyip closely misses you. x2
The bunyip claws you but does no damage.
You feel sick.
You feel sick.
You feel better.
The bunyip howls a warning cry!
The bunyip attacks as you move away! The bunyip claws you.
* * * LOW HITPOINT WARNING * * *
The bunyip barely misses you. The bunyip claws you!
* * * LOW HITPOINT WARNING * * *
You see here a potion of brilliance.
As you read the scroll of teleportation, it crumbles to dust.
You feel strangely unstable. The bunyip completely misses you.
The bunyip barely misses you. The bunyip claws you!!
You die...

♣.~~~...♣♣♣♣♣.~..♣
♣.~~~~...♣♣♣♣♣♣♣♣♣ ♣
~~~~.♣♣..>~...♣ ♣
♣.~.♣♣♣♣♣..~..♣♣ ♣
...♣.♣.♣♣♣†....♣ ♣ ..
~.~....~~.)~~<~♣
./..##.~...♣.♣~~♣.~§~♣♣♣
♣♣......~...♣♣♣..~...~♣
♣♣...#.#....♣♣♣~@..~~♣♣♣
......##..§~♣♣.x~~..♣♣
..##○...:~~♣♣..x.~~~♣
..##.°#....♣~.†).~.♣♣
..##....~°♣~D..~..♣♣
.........°♣...~...~♣
.........~..~~.....♣
~~......~.~.~.~.~~.~.
..~....~...~...~..~.~~


You could see 2 bunyips and a swamp dragon.

Vanquished Creatures
  A thorn hunter (Swamp:2)
  3 bunyips
  An eleionoma (Swamp:2)
  A minotaur (Gauntlet)
  2 slime creatures (D:12)
  An ettin (Orc:1)
  Fannar (D:10)
  2 boulder beetles
  2 demonspawn (Orc:2)
  6 hydras
  2 alligators
  A two-headed ogre (D:12)
  4 orc high priests (Orc:2)
  Sonja (D:10)
  A sixfirhy (Orc:2)
  A deep troll (Lair:3)
  3 skysharks
  A spriggan druid (Swamp:2)
  An orange crystal statue (Gauntlet)
  3 bog bodies
  A swamp dragon (Swamp:1)
  Pikel (D:9)
  A shining eye (Gauntlet)
  8 orc sorcerers
  An ugly thing (D:12)
  7 orc knights
  2 oklob plants (Lair:4)
  2 cyclopes
  2 manticores
  Joseph (D:8)
  A moth of wrath (Gauntlet)
  8 elephants
  A guardian serpent (Lair:3)
  4 black mambas
  A torpor snail (Lair:3)
  An orange demon (Orc:2)
  A gargoyle (D:12)
  2 unseen horrors
  9 cane toads
  5 komodo dragons
  2 rime drakes
  3 tyrant leeches
  3 trolls
  A meliai (Lair:2)
  11 polar bears
  2 hornets
  A raiju (Lair:5)
  6 dream sheep (Lair:4)
  28 blink frogs
  45 yaks
  3 spriggans (Swamp:2)
  Sigmund (D:5)
  4 shadows
  2 wraiths
  5 wyverns
  Grum (D:10)
  A vampire (D:12)
  19 vampire mosquitoes
  4 basilisks
  2 steam dragons
  5 swamp worms
  7 wargs
  An acid dragon (D:12)
  14 hell hounds (Lair:5)
  4 swamp drakes
  16 water moccasins
  A floating eye (Gauntlet)
  A sky beast (D:5)
  32 orc warriors
  2 ice beasts
  17 black bears
  4 ogres
  11 centaurs
  50 wolves
  A lemure (D:9)
  3 kobold brigands
  10 bullfrogs
  3 scorpions
  3 killer bees (Lair:2)
  4 howler monkeys
  4 jellies
  2 gnoll boudas
  A hound (D:4)
  27 orc priests
  6 iguanas
  Natasha (thrice) (D:4)
  24 orc wizards
  14 gnolls
  6 adders
  2 white imps
  2 worms
  2 dart slugs
  77 orcs
  4 endoplasms
  A giant cockroach (D:1)
  10 goblins
  4 hobgoblins
  8 ball pythons
  4 bats
  5 frilled lizards
  15 kobolds
  9 rats
660 creatures vanquished.

Vanquished Creatures (others)
  A deep elf pyromancer (Elf:1)
  An orc priest (Orc:2)
2 creatures vanquished.

Grand Total: 662 creatures vanquished

Notes
Turn   | Place    | Note
-------+----------+-------------------------------------------
     0 | D:1      | Xaerxx the Draconian Monk began the quest for the Orb.
     0 | D:1      | Reached XP level 1. HP: 19/19 MP: 1/1
   132 | D:1      | Reached XP level 2. HP: 26/26 MP: 2/2
   833 | D:2      | Reached XP level 3. HP: 27/33 MP: 3/3
  1009 | D:2      | Reached skill level 4 in Unarmed Combat
  1084 | D:2      | Found a shadowy altar of Dithmenos.
  1988 | D:3      | Reached XP level 4. HP: 38/40 MP: 4/4
  2155 | D:3      | Found a runed translucent door.
  2156 | D:3      | Noticed Crazy Yiuf
  2580 | D:4      | Reached skill level 5 in Unarmed Combat
  2580 | D:4      | Reached XP level 5. HP: 42/46 MP: 5/5
  2658 | D:4      | Noticed an ogre
  2671 | D:4      | Killed an ogre
  2949 | D:4      | Noticed Natasha
  2959 | D:4      | Killed Natasha
  2960 | D:4      | Reached XP level 6. HP: 37/52 MP: 6/6
  3117 | D:4      | Reached skill level 6 in Unarmed Combat
  3311 | D:4      | Learned a level 5 spell: Blade Hands
  3349 | D:4      | Noticed Natasha
  3357 | D:4      | Killed Natasha
  3487 | D:4      | Noticed Natasha
  3491 | D:4      | Killed Natasha
  3611 | D:4      | Found a staircase to the Ecumenical Temple.
  3620 | Temple   | Entered the Ecumenical Temple
  3691 | Temple   | Became a worshipper of the Wu Jian Council
  3691 | Temple   | Reached * piety under Wu Jian
  3691 | Temple   | Reached ** piety under Wu Jian
  3933 | D:4      | Reached skill level 7 in Unarmed Combat
  3933 | D:4      | Your scales start taking on a pale cyan-grey colour.
  3933 | D:4      | Reached XP level 7. HP: 60/60 MP: 7/7
  3933 | D:4      | Gained mutation: You are immune to the effects of steam.
                  | [Pale Draconian growth]
  4132 | D:5      | Entered Level 5 of the Dungeon
  4387 | D:5      | Noticed Sigmund
  4454 | D:5      | Killed Sigmund
  4455 | D:5      | Reached skill level 8 in Unarmed Combat
  4670 | D:5      | Reached XP level 8. HP: 51/67 MP: 8/8
  4812 | D:5      | Found an iron altar of Okawaru.
  4843 | D:5      | Reached skill level 9 in Unarmed Combat
  5273 | D:5      | Found a blossoming altar of Fedhas.
  5411 | D:6      | Reached skill level 5 in Dodging
  5994 | D:6      | Reached skill level 10 in Unarmed Combat
  6281 | D:7      | Noticed a hornet
  6290 | D:7      | Killed a hornet
  6489 | D:7      | Found a stormy altar of Qazlal.
  6569 | D:7      | Reached XP level 9. HP: 71/72 MP: 9/9
  6585 | D:7      | Found a radiant altar of Vehumet.
  6996 | D:8      | Reached skill level 11 in Unarmed Combat
  7118 | D:8      | Reached *** piety under Wu Jian
  7156 | D:8      | Found a basalt altar of Yredelemnul.
  7526 | D:8      | Found a bloodstained altar of Trog.
  7571 | D:8      | Found a staircase to the Lair.
  7571 | D:8      | Noticed Joseph
  7590 | D:8      | Reached skill level 12 in Unarmed Combat
  7602 | D:8      | Killed Joseph
  7603 | D:8      | Reached skill level 5 in Fighting
  7993 | D:8      | Reached XP level 10. HP: 76/81 MP: 10/10
  8621 | D:8      | Reached skill level 13 in Unarmed Combat
  8901 | Lair:1   | Entered Level 1 of the Lair of Beasts
  8911 | Lair:1   | Noticed a cane toad
  9009 | D:9      | Noticed Pikel
  9028 | D:9      | Killed Pikel
  9250 | D:9      | You fall into a shaft and drop 1 floor!
  9250 | D:10     | Entered Level 10 of the Dungeon
  9250 | D:10     | Found Vait's Jewellery Boutique.
  9265 | D:10     | Bought a ring of poison resistance for 280 gold pieces
  9459 | D:9      | Reached skill level 14 in Unarmed Combat
  9973 | D:10     | Noticed Grum
  9983 | D:10     | Reached **** piety under Wu Jian
 10001 | D:10     | Killed Grum
 10330 | D:10     | Noticed Fannar
 10919 | D:8      | Killed a cane toad
 10920 | D:8      | Reached XP level 11. HP: 78/89 MP: 11/11
 11338 | Lair:1   | Reached skill level 15 in Unarmed Combat
 12269 | Lair:1   | Identified the staff of death "Wisep" {rC+ rN+ Str+2 Int-2}
 12387 | Lair:2   | Reached skill level 16 in Unarmed Combat
 12493 | Lair:2   | Found a staircase to the Swamp.
 12538 | Lair:2   | Noticed a seven-headed hydra
 12654 | Lair:2   | Reached ***** piety under Wu Jian
 13305 | Lair:2   | Reached XP level 12. HP: 94/97 MP: 12/12
 13466 | Lair:2   | Found a hole to the Spider Nest.
 13582 | Lair:2   | Reached skill level 17 in Unarmed Combat
 13737 | Lair:2   | Killed a seven-headed hydra
 14377 | Lair:3   | Noticed an eight-headed hydra
 14384 | Lair:2   | Killed an eight-headed hydra
 14789 | Lair:3   | Noticed a seven-headed hydra
 15191 | Lair:2   | Identified a scroll of acquirement
 15192 | Lair:2   | Acquired a +2 pair of boots of stealth
 15288 | Lair:3   | Reached skill level 18 in Unarmed Combat
 15384 | Lair:3   | Noticed a four-headed hydra
 15396 | Lair:3   | Killed a four-headed hydra
 15397 | Lair:3   | Reached skill level 10 in Dodging
 15438 | Lair:3   | Noticed a boulder beetle
 15628 | Lair:3   | Killed a boulder beetle
 15855 | Lair:3   | Found the +3 pair of seven-league boots {Rampage+∞}
 16049 | D:10     | Found a staircase to the Orcish Mines.
 16089 | Orc:1    | Entered Level 1 of the Orcish Mines
 16094 | Orc:1    | Reached XP level 13. HP: 87/105 MP: 13/13
 16291 | Orc:2    | Entered Level 2 of the Orcish Mines
 16491 | Orc:1    | Found Niwo's Jewellery Boutique.
 16965 | Orc:1    | Found Hasmatya's Specific Store.
 16967 | Orc:1    | Found Tipp's General Store.
 16980 | Orc:1    | Bought a scroll of enchant armour for 112 gold pieces
 16980 | Orc:1    | Bought a scroll of fear for 60 gold pieces
 16980 | Orc:1    | Bought a potion of ambrosia for 120 gold pieces
 17157 | Orc:2    | Found a staircase to the Elven Halls.
 17675 | Orc:2    | Reached ****** piety under Wu Jian
 17708 | Orc:2    | Found Uwyudoch's Magic Scroll Emporium.
 17708 | Orc:2    | Found Yduwah's General Store.
 18031 | Orc:2    | Bought a +1 cloak for 172 gold pieces
 18031 | Orc:2    | Bought a wand of roots (3) for 108 gold pieces
 18031 | Orc:2    | Bought 2 throwing nets for 90 gold pieces
 18061 | Orc:2    | Bought 2 scrolls of teleportation for 102 gold pieces
 18438 | D:10     | Noticed Sonja
 18443 | D:10     | Killed Sonja
 18444 | D:10     | Reached skill level 19 in Unarmed Combat
 18453 | D:10     | Killed Fannar
 18577 | D:10     | Found Zemod's Magic Scroll Emporium.
 18579 | D:10     | Found a hazy altar of Hepliaklqana.
 18586 | D:10     | Found Pitik's Armour Shoppe.
 18588 | D:10     | Bought a scroll of teleportation for 36 gold pieces
 18588 | D:10     | Bought a scroll of teleportation for 36 gold pieces
 18588 | D:10     | Bought a scroll of teleportation for 36 gold pieces
 18588 | D:10     | Bought a scroll of teleportation for 36 gold pieces
 18608 | D:10     | Learned a level 2 spell: Momentum Strike
 18611 | D:10     | Learned a level 2 spell: Blink
 19178 | D:11     | Found a portal to a secret trove of treasure.
 20093 | Lair:4   | Found a gate leading to a gauntlet.
 20105 | Gauntlet | Entered a Gauntlet
 20105 | Gauntlet | Found a transporter.
 20105 | Gauntlet | Found a transporter.
 20266 | Gauntlet | Found a transporter.
 20267 | Gauntlet | Found a transporter.
 20274 | Gauntlet | Found a runed translucent door.
 20277 | Gauntlet | Found a transporter.
 20279 | Gauntlet | Found a transporter.
 20283 | Gauntlet | Found a runed translucent door.
 20285 | Gauntlet | Found a runed translucent door.
 20287 | Gauntlet | Found a transporter.
 20303 | Gauntlet | Found a transporter.
 20318 | Gauntlet | Found a transporter.
 20322 | Gauntlet | Found a transporter.
 20330 | Gauntlet | Found a transporter.
 20334 | Gauntlet | Found a transporter.
 20501 | Gauntlet | Identified the +3 hat of Gestures {rElec rN+ Will+ MP+9}
 20650 | Gauntlet | Noticed a minotaur
 20675 | Gauntlet | Killed a minotaur
 20911 | Gauntlet | Identified the staff of earth "Yxtohisas" {rN+ Dex+2
                  | Stlth+}
 20912 | Gauntlet | Got the Vellum of the Flinty Zephyr
 21033 | Lair:4   | Reached skill level 20 in Unarmed Combat
 21829 | Lair:5   | Entered Level 5 of the Lair of Beasts
 22095 | Lair:5   | Found a staircase to the Slime Pits.
 22135 | Lair:5   | Reached XP level 14. HP: 115/115 MP: 14/14
 22190 | Lair:5   | Found a frozen archway.
 22946 | Lair:5   | Reached skill level 21 in Unarmed Combat
 24783 | Orc:2    | Reached skill level 22 in Unarmed Combat
 24942 | Orc:2    | Found Popnuatz's Jewellery Shop.
 24942 | Orc:2    | Found Sudues's Antique Armour Boutique.
 24957 | Orc:2    | Found a one-way gate leading to the halls of Pandemonium.
 24965 | Orc:2    | Bought a +6 ring of strength for 504 gold pieces
 25547 | Orc:1    | Found Waah's Antique Weapon Shop.
 25839 | Elf:1    | Entered Level 1 of the Elven Halls
 26066 | D:12     | Found Usuirue's Distillery.
 26070 | D:12     | Bought 2 potions of heal wounds for 110 gold pieces
 26070 | D:12     | Bought a potion of might for 44 gold pieces
 26184 | D:12     | Found an opulent altar of Gozag.
 26864 | D:12     | Reached XP level 15. HP: 122/122 MP: 15/15
 28013 | Swamp:1  | Entered Level 1 of the Swamp
 28919 | Swamp:2  | Noticed a thorn hunter
 28926 | Swamp:2  | Killed a thorn hunter
 29061 | Swamp:2  | Reached skill level 23 in Unarmed Combat
 29113 | Swamp:2  | Mangled by a bunyip

Illustrated notes

Levels and vault maps discovered:
D:1:      shiori_shiawase, layout_basic, minmay_misc_feat_roman
D:2:      layout_loops_corners, basic_altar
D:3:      layout_basic, uniq_crazy_yiuf_cottage
D:4:      layout_loops_ring, minmay_temple_entry_butterflies, serial_aquarium,
          aquarium_bridge_long_separate [aquarium_subvault_bridge,
          aquarium_subvault_bridge, aquarium_subvault_window,
          aquarium_subvault_bridge, aquarium_subvault_bridge,
          aquarium_subvault_window], aquarium_bridge_straight
          [aquarium_subvault_bridge, aquarium_subvault_balcony,
          aquarium_subvault_bridge, aquarium_subvault_wall],
          aquarium_window_fake, aquarium_window_1, aquarium_window_1,
          aquarium_view_2d, aquarium_balcony_3a, uniq_natasha
D:5:      layout_basic, grunt_temple_overflow_open, uniq_sigmund
D:6:      layout_gridville
D:7:      layout_basic, mainiacjoe_overflow_divided_tiny
D:8:      layout_basic, mainiacjoe_overflow_large_starburst,
          minmay_lair_entry_grove, minivault_27, uniq_joseph
D:9:      layout_cave_pools, minmay_misc_feat_rows, uniq_pikel
D:10:     layout_cross, overflow_temple_1_default, erik_orc_1, serial_shops,
          shop, shop, shop_fountains, uniq_sonja, uniq_grum, uniq_fannar
D:11:     layout_rooms, nicolae_trove_entry_diagonal
D:12:     layout_basic, serial_shops, shop,
          nicolae_gozag_cash_rules_everything_around_me
D:13:     layout_layer_cave, uniq_azrael
Temple:   nicolae_temple_superstar
Lair:1:   layout_gridlike, grunt_megastairs_2
Lair:2:   layout_loops_ring, minmay_swamp_entry_swarm,
          hellmonk_spider_entry_not_the_bees, enter_volcano_4
Lair:3:   dreamdust_cave_troll, layout_gridlike,
          hellmonk_guarded_unrand_seven_league_boots
Lair:4:   layout_hall_layers, gauntlet_entry_generic, dpeg_oklob_1
Lair:5:   hangedman_lair_caniforms_friends, layout_long_grid, slime_entry_1,
          portal_ice_cave_entry_pillars_1
Swamp:1:  layout_basic_swamp, nicolae_swamp_long_stream
Swamp:2:  layout_basic_swamp, serial_swamp_ruin, evilmike_swamp_ruin_rubble_2,
          evilmike_swamp_ruin_house_6, swamp_pool1, lightli_tree_ring
Orc:1:    layout_caves, serial_shops, shop, nicolae_shop_tiny_glass,
          nicolae_specific_store
Orc:2:    pf_orc_diabolical, layout_diamond_mine
Elf:1:    elf_arrival_001, layout_loops_corners, gammafunk_ghost_split,
          minmay_elf_demonology, minmay_shop_grove

Skill      XL: |  1  2  3  4  5  6  7  8  9 10 11 12 13 14 15 |
---------------+----------------------------------------------+-----
Dodging        | 3 4 5 6 7 8 10 11 12 | 12.1
Unarmed Combat | 4 5 7 8 10 12 14 16 18 20 22 23 | 23.0
Fighting       | 4 5 6 7 8 |  8.4

Action                     |  1- 3 |  4- 6 |  7- 9 | 10-12 | 13-15 || total
---------------------------+-------+-------+-------+-------+-------++-------
  Melee: Unarmed           |   107 |   151 |   241 |   645 |  1133 ||  2277
         Tailslap          |    16 |    22 |    41 |   124 |   250 ||   453
 Invoke: Serpent's Lash    |       |       |       |     1 |     5 ||     6
Ability: Lunge             |       |     1 |    17 |    22 |     1 ||    41
         Whirlwind         |       |       |     7 |    40 |    49 ||    96
         Breathe Steam     |       |       |       |    31 |    48 ||    79
  Evoke: Wand              |       |       |     7 |    16 |    12 ||    35
    Use: Scroll            |       |    11 |     3 |    12 |     9 ||    35
         Potion            |       |       |     1 |     5 |     8 ||    14
   Stab: Paralysed         |       |       |       |       |     6 ||     6
 Armour: Skin              |    33 |    34 |    61 |   208 |   348 ||   684
  Dodge: Dodged            |    60 |    63 |   146 |   515 |   740 ||  1524
